 Dungeon Crawl Stone Soup version 0.18.1-48-g4cf74bf (webtiles) character file.

1077 PeppermintButler the Shield-Bearer (level 8, 0/69 HPs)
             Began as a Minotaur Fighter on June 27, 2016.
             Was a Believer of Okawaru.
             Slain by Pikel
             ... wielding a +2 whip of electrocution
              (9 damage)
             ... on level 5 of the Dungeon.
             The game lasted 00:23:02 (3855 turns).

PeppermintButler the Shield-Bearer (MiFi)           Turns: 3855, Time: 00:23:03

Health: 0/69       AC: 18    Str: 23    XL:     8   Next: 8%
Magic:  7/7        EV:  6    Int:  5    God:    Okawaru [**....]
Gold:   228        SH: 11    Dex: 10    Spells: 0 memorised, 7 levels left

rFire  . . .     SeeInvis .     a - +0 flail
rCold  . . .     Gourm    .     s - +5 chain mail {rN+}
rNeg   + . .     Faith    .     c - +0 shield
rPois  .         Spirit   .     (helmet restricted)
rElec  .         Dismiss  .     (no cloak)
rCorr  .         Reflect  .     (no gloves)
SustAt .         Harm     .     (no boots)
MR     .....                    (no amulet)
Stlth  ..........               v - -2 ring of protection (curse)
                                g - +5 ring of protection

@: not resistant to hostile enchantments, extremely unstealthy
A: retaliatory headbutt, horns 2
a: Heroism, Renounce Religion


You were on level 5 of the Dungeon.
You worshipped Okawaru.
Okawaru was pleased with you.
You were very hungry.

You visited 2 branches of the dungeon, and saw 6 of its levels.

You collected 228 gold pieces.

Inventory:

Hand Weapons
 a - a +0 flail (weapon)
 y - a +0 mace
Missiles
 k - 3 tomahawks (quivered)
 B - 3 silver tomahawks
Armour
 c - a +0 shield (worn)
 s - a +5 chain mail of positive energy (worn)
Jewellery
 g - a +5 ring of protection (left hand)
 o - an uncursed ring of protection from cold
 r - an uncursed ring of magical power
 v - a cursed -2 ring of protection (right hand)
Scrolls
 b - a scroll of enchant weapon
 e - a scroll of identify
 h - 4 scrolls of teleportation
 q - a scroll of recharging
 u - a scroll of blinking
 C - a scroll of random uselessness
 D - a scroll of enchant armour
 G - a scroll of fear
Potions
 i - a potion of brilliance {unknown}
 l - 3 potions of curing
 m - a potion of cure mutation
 n - a potion of mutation {unknown}
 p - 2 potions of ambrosia {unknown}
 t - 2 potions of haste
 x - a potion of flight
 z - a potion of resistance {unknown}
 F - 2 potions of magic {unknown}
 H - a potion of heal wounds
Books
 A - a book of Enchantments

   Spells                             Type                      Level
   a - Cause Fear                     Hexes                        4
   b - Yara's Violent Unravelling     Hexes/Transmutation          5
   c - Silence                        Hexes/Air                    5
   d - Deflect Missiles               Charms/Air                   6
   e - Haste                          Charms                       6
   f - Discord                        Hexes                        8
Comestibles
 d - a royal jelly
 f - a bread ration
 j - a beef jerky
 w - 2 meat rations
 I - a slice of pizza


   Skills:
 + Level 5.5 Fighting
 * Level 6.6 Maces & Flails
 + Level 0.8 Throwing
 + Level 6.1 Armour
 + Level 0.1 Stealth
 + Level 7.6 Shields


You had 7 spell levels left.
You didn't know any spells.

Dungeon Overview and Level Annotations

Branches:
Dungeon (5/15)             Temple (1/1) D:4

Altars:
Ashenzari
Cheibriados
Dithmenos
Fedhas
Kikubaaqudgha
Okawaru
Pakellas
Qazlal
Trog
Vehumet
Xom
Yredelemnul
Zin

Annotations:
D:5 Pikel


Innate Abilities, Weirdness & Mutations

You reflexively headbutt those who attack you in melee.
You have a pair of horns on your head.


Message History

Pikel waves his whip at you. Pikel hits you but does no damage.
You are electrocuted!
* * * LOW HITPOINT WARNING * * *
You block the slave's attack.
You miss Pikel.
Pikel is almost dead.
The slave hits you.
* * * LOW HITPOINT WARNING * * *
You block the slave's attack. The slave hits you but does no damage.
You block the slave's attack. You block Pikel's attack.
Drink which item? (? for menu, Esc to quit)
You feel better. The slave barely misses you. You block the slave's attack.
The slave hits you but does no damage. Pikel hits you but does no damage.
The slave hits you but does no damage.
You hit Pikel.
Pikel is almost dead.
You block the slave's attack. x3; The slave hits you.
* * * LOW HITPOINT WARNING * * *
Pikel hits you but does no damage.
You are electrocuted!
You die...

.............#
...........#.#####..
#.#........#.....[..
#...........######..
#..#..##...........
##...#.............#
.....###...........#
#......pp...############
#......@p........#.....#
#.....K.p...####.#.....#
#...........# #.......#
............# ###.....#
##..........# ###(.....#
#...........##........#
................##.....#
#............<..##.....#
.....####..#.....#


You could see Pikel and 4 slaves.

Vanquished Creatures
  Grinder (D:4)
  An ogre (D:3)
  A crocodile (D:4)
  A howler monkey (D:4)
  2 orc priests
  A jelly (D:5)
  A centaur skeleton (D:4)
  2 hounds
  Ijyb (D:2)
  Jessica (D:2)
  Natasha (twice) (D:3 D:2)
  4 orc wizards
  A worker ant (D:4)
  A howler monkey zombie (D:2)
  9 gnolls
  4 adders
  An ooze (D:1)
  An adder skeleton (D:4)
  An adder zombie (D:2)
  2 worms (D:2)
  A dart slug (D:1)
  2 giant geckos
  18 orcs
  A ball python (D:4)
  5 giant cockroaches
  12 goblins
  19 hobgoblins
  14 kobolds
  3 quokkas
  A ball python skeleton (D:2)
  A ball python zombie (D:2)
  4 bats
  A giant cockroach zombie (D:2)
  2 giant gecko zombies (D:2)
  3 giant newts
  7 rats
  A plant (D:1)
133 creatures vanquished.

Vanquished Creatures (others)
  A rat (D:3)
1 creature vanquished.

Grand Total: 134 creatures vanquished

Notes
Turn   | Place    | Note
--------------------------------------------------------------
     0 | D:1      | PeppermintButler the Minotaur Fighter began the quest for the Orb.
     0 | D:1      | Reached XP level 1. HP: 19/19 MP: 0/0
   206 | D:1      | Reached XP level 2. HP: 26/27 MP: 1/1
   732 | D:2      | Reached XP level 3. HP: 24/33 MP: 2/2
   770 | D:2      | Noticed Ijyb
   800 | D:2      | Killed Ijyb
   800 | D:2      | Reached skill level 4 in Shields
   878 | D:2      | Reached XP level 4. HP: 40/40 MP: 3/3
  1274 | D:2      | Noticed Jessica
  1283 | D:2      | Killed Jessica
  1340 | D:2      | Reached XP level 5. HP: 37/47 MP: 4/4
  1463 | D:2      | Reached skill level 5 in Shields
  1572 | D:3      | Noticed Natasha
  1583 | D:3      | Killed Natasha
  1606 | D:3      | Reached skill level 5 in Maces & Flails
  1609 | D:3      | Reached XP level 6. HP: 15/55 MP: 5/5
  1616 | D:3      | Noticed Natasha
  1641 | D:2      | Killed Natasha
  2097 | D:3      | Found a shattered altar of Ashenzari.
  2234 | D:3      | Reached skill level 5 in Fighting
  2414 | D:4      | Found a staircase to the Ecumenical Temple.
  2420 | Temple   | Entered the Ecumenical Temple
  2582 | Temple   | Became a worshipper of Warmaster Okawaru
  2647 | D:4      | Reached skill level 5 in Armour
  2647 | D:4      | Reached skill level 6 in Shields
  2667 | D:4      | Noticed Grinder
  2700 | D:4      | Reached XP level 7. HP: 43/61 MP: 6/6
  2708 | D:4      | Paralysed by Grinder for 4 turns
  2729 | D:4      | Killed Grinder
  2729 | D:4      | Reached * piety under Okawaru
  2731 | D:4      | Reached skill level 7 in Shields
  3472 | D:5      | Entered Level 5 of the Dungeon
  3539 | D:5      | Noticed Pikel
  3559 | D:5      | Reached XP level 8. HP: 24/69 MP: 7/7
  3743 | D:4      | Reached ** piety under Okawaru
  3853 | D:5      | HP: 3/69 [slave[Pikel] (6)]
  3855 | D:5      | Slain by Pikel

Skill      XL: |  1  2  3  4  5  6  7 |
---------------+----------------------+-----
Fighting       | 4 5 |  5.5
Maces & Flails | 3 4 5 6 |  6.6
Armour         | 4 5 6 |  6.1
Shields        | 4 5 6 7 |  7.6
Throwing       | |  0.8
Stealth        | |  0.1

Action                   |  1- 3 |  4- 6 |  7- 9 || total
-------------------------+-------+-------+-------++-------
Melee: Flail             |   135 |   190 |   125 ||   450
       Headbutt          |    17 |    31 |    20 ||    68
Throw: Tomahawk          |       |       |     6 ||     6
  Use: Potion            |       |     2 |     2 ||     4
       Scroll            |       |       |    12 ||    12
  Eat: Chunk             |       |     2 |     3 ||     5
       Bread ration      |       |     1 |       ||     1
Armor: Scale mail        |    35 |       |       ||    35
       Chain mail        |    17 |   148 |    85 ||   250
Dodge: Dodged            |    34 |    69 |    27 ||   130
Block: Shield            |    47 |   151 |   104 ||   302
